 Dungeon Crawl Stone Soup version 0.27-a0-681-g0c81a3c1c3 (webtiles) character file.

Game seed: 4474305425172676

80 MisterLeisureLearns the Chopper (level 4, 0/40 HPs)
             Began as a Minotaur Berserker on Mar 19, 2021.
             Was a Believer of Trog.
             Slain by an orc wizard
             ... wielding a +0 dagger
              (4 damage)
             ... on level 3 of the Dungeon.
             The game lasted 00:05:30 (2624 turns).

MisterLeisureLearns the Chopper (MiBe)              Turns: 2624, Time: 00:05:31

Health: 0/40       AC:  2    Str: 21    XL:     4   Next: 18%
Magic:  3/3        EV: 12    Int:  5    God:    Trog [**....]
Gold:   104        SH:  0    Dex: 10    Spells: 3/3 levels left

rFire    . . .     SeeInvis .   a - +0 hand axe
rCold    . . .     Faith    .   (no shield)
rNeg     . . .     Spirit   .   b - +0 animal skin
rPois    .         Reflect  .   (helmet restricted)
rElec    .         Harm     .   (no cloak)
rCorr    .         Rampage  .   (no gloves)
Will     .....                  (no boots)
Stlth    +.........             (no amulet)
HPRegen  0.13/turn              (no ring)
MPRegen  0.08/turn              (no ring)

@: no status effects
A: horns 2, retaliatory headbutt
a: Renounce Religion, Berserk, Trog's Hand


You were on level 3 of the Dungeon.
You worshipped Trog.
Trog was pleased with you.
You visited 1 branch of the dungeon, and saw 3 of its levels.

You collected 104 gold pieces.

Inventory:

Hand Weapons
 a - a +0 hand axe (weapon)
Missiles
 c - 22 poisoned darts (quivered)
Armour
 b - a +0 animal skin (worn)
 g - a +0 buckler
Scrolls
 e - a scroll of amnesia {unknown}
 f - a scroll of identify {unknown}
 h - a scroll of teleportation {unknown}
 j - a scroll of vulnerability {unknown}
 m - 2 scrolls of magic mapping {unknown}
 n - a scroll of fog {unknown}
Potions
 d - 3 potions of ambrosia {unknown}
 i - 2 potions of lignification {unknown}
 k - a potion of flight {unknown}
 l - a potion of cancellation {unknown}
 o - a potion of haste {unknown}


   Skills:
 - Level 3.9 Fighting
 + Level 5.6 Axes
 - Level 2.8 Armour
 - Level 2.4 Dodging


You had 3 spell levels left.
You didn't know any spells.
Your spell library was empty.

Dungeon Overview and Level Annotations

Branches:
Dungeon (3/15)

Altars:
Trog


Innate Abilities, Weirdness & Mutations

You have a pair of horns on your head.
You reflexively headbutt those who attack you in melee.


Message History

There is a stone staircase leading up here.
Partly explored, can't reach some places.
Okay, then.
There is a stone staircase leading down here.
You climb downwards.
Found a pink potion and a scroll labelled UGRAAG MUP TIRPH.
There is a stone staircase leading up here.
n - a scroll labelled UGRAAG MUP TIRPH
o - a pink potion An orc comes into view.
It is wielding a +0 mace.
The orc shouts!
An orc comes into view. It is wielding a +0 mace.
An orc wizard comes into view. It is wielding a +0 dagger.
The orc shouts!
The orc wizard shouts!
The orc wizard points at itself and mumbles some strange words.
The orc wizard flickers and vanishes!
Deactivating autopickup; reactivate with Ctrl-A.
You closely miss the orc. The orc hits you with a +0 mace.
You closely miss the orc. The orc hits you with a +0 mace! x2
* * * LOW HITPOINT WARNING * * *
You hit the orc.
The orc is moderately wounded.
You hit the orc.
The orc is severely wounded.
You closely miss the orc.
The orc is severely wounded.
The orc hits you with a +0 mace!
* * * LOW HITPOINT WARNING * * *
You hit the orc.
The orc is severely wounded.
The orc hits you with a +0 mace.
* * * LOW HITPOINT WARNING * * *
You barely miss the orc.
The orc is severely wounded.
The orc hits you with a +0 mace.
* * * LOW HITPOINT WARNING * * *
You hit the orc.
You kill the orc!
You closely miss something. Something hits you.
You die...

# ######### ## ........#
##. #######.###..
.###########............
.....o{@.....#####.###..
############## #......
####### #


You could see an orc.

Vanquished Creatures
  An adder (D:2)
  An ooze (D:1)
  2 worms (D:2)
  5 dart slugs
  A leopard gecko (D:2)
  An orc (D:3)
  3 giant cockroaches (D:2)
  5 goblins (D:1)
  6 hobgoblins
  3 jackals (D:1)
  A quokka (D:1)
  5 bats
  3 frilled lizards (D:1)
  6 kobolds
  5 rats
48 creatures vanquished.

Vanquished Creatures (others)
  4 plants (D:1)
4 creatures vanquished.

Grand Total: 52 creatures vanquished

Notes
Turn   | Place    | Note
-------+----------+-------------------------------------------
     0 | D:1      | MisterLeisureLearns the Minotaur Berserker began the quest
                  | for the Orb.
     0 | D:1      | Reached XP level 1. HP: 19/19 MP: 0/0
   537 | D:1      | Reached XP level 2. HP: 22/27 MP: 1/1
   695 | D:1      | Reached skill level 4 in Axes
   883 | D:1      | Reached XP level 3. HP: 32/33 MP: 2/2
  1519 | D:2      | Reached skill level 5 in Axes
  1864 | D:2      | Reached ** piety under Trog
  2080 | D:2      | Reached XP level 4. HP: 39/40 MP: 3/3
  2324 | D:2      | Found a bloodstained altar of Trog.
  2624 | D:3      | Slain by an orc wizard

Illustrated notes

Levels and vault maps discovered:
D:1:      lightli_arrival_statuegarden, layout_basic
D:2:      layout_basic, lightli_temple_of_fire
D:3:      layout_loops_ring, lemuel_round_altar, marbit_many_paths, uniq_purgy,
          uniq_terence

Skill      XL: |  1  2  3 |
---------------+----------+-----
Axes           | 4 5 |  5.6
Fighting       | |  3.9
Armour         | |  2.8
Dodging        | |  2.4

Action                   |  1- 3 |  4- 6 || total
-------------------------+-------+-------++-------
Melee: Hand axe          |    98 |    15 ||   113
       Headbutt          |    21 |     2 ||    23
Invok: Berserk           |     1 |       ||     1
       Trog's Hand       |     1 |       ||     1
 Stab: Sleeping          |     1 |       ||     1
Armor: Animal skin       |     8 |     2 ||    10
Dodge: Dodged            |    52 |     4 ||    56

Table legend: (Time is in decaauts)
 A = Elapsed time spent in this place.
 B = Non-inter-level travel time spent in this place.
 C = Inter-level travel time spent in this place.
 D = Time resting spent in this place.
 E = Time spent auto-exploring this place.
 F = Levels seen in this place.
 G = Mean time per level.
                   A        B        C        D        E       F      G
               +--------+--------+--------+--------+--------+-----+--------+
         Total |   2636 |   2545 |     91 |      0 |   2114 |   3 |  878.7 |
       Dungeon |   2636 |   2545 |     91 |      0 |   2114 |   3 |  878.7 |
               +--------+--------+--------+--------+--------+-----+--------+

Top non-repeatable levels by time:
     D:1: 1398 daAuts
     D:2: 1195 daAuts
     D:3: 43 daAuts
